 Dungeon Crawl Stone Soup version 0.31-a0-1227-g0136665373 (webtiles) character file.

Game seed: 1950373884496011496

8460 avis the Missionary (level 11, -5/101 HPs)
             Began as a Hill Orc Monk on Dec 14, 2023.
             Was a Priest of Beogh.
             Slain by a komodo dragon (20 damage)
             ... on level 1 of the Lair of Beasts.
             The game lasted 01:04:37 (10868 turns).

avis the Missionary (Hill Orc Monk)                Turns: 10868, Time: 01:04:38

Health: -5/101     AC: 11    Str: 19    XL:     11   Next: 31%
Magic:  0/22       EV: 12    Int: 15    God:    Beogh [***...]
Gold:   718        SH:  0    Dex: 19    Spells: 10/10 levels left

rFire   . . .        k - +10 battleaxe of Doom {heavy, rElec rCorr}
rCold   x . .        (shield currently unavailable)
rNeg    . . .        T - +0 leather armour of Barnacled Surprise {rElec rC- Regen+ Int+5}
rPois   .            p - +2 helmet
rElec   +            (no cloak)
rCorr   +            (no gloves)
SInv    .            P - +0 pair of boots
Will    .....        D - amulet of guardian spirit
Stlth   +            h - +4 ring of protection
HPRegen 1.16/turn    v - +6 ring of dexterity
MPRegen 0.18/turn

%: guardian spirit
@: no status effects
A: no striking features
a: Renounce Religion, Smiting


You were on level 1 of the Lair of Beasts.
You worshipped Beogh.
Beogh was most pleased with you.
You visited 3 branches of the dungeon, and saw 12 of its levels.

You collected 718 gold pieces.

Inventory:

Hand Weapons
 b - a +1 sling
 g - a +0 trident
 k - the +10 battleaxe of Doom (weapon) {heavy, rElec rCorr}
   (You found it on level 1 of the Lair of Beasts)

   rElec:     It insulates you from electricity.
   rCorr:     It protects you from acid and corrosion.
Missiles
 c - 3 boomerangs
 i - 14 javelins
 O - 23 poisoned darts (quivered)
Armour
 e - a +0 buckler
 p - a +2 helmet (worn)
 P - a +0 pair of boots (worn)
 T - the +0 leather armour of Barnacled Surprise (worn) {rElec rC- Regen+ Int+5}
   (You found it on level 5 of the Dungeon)

   Int+5:     It affects your intelligence (+5).
   rC-:       It makes you vulnerable to cold.
   rElec:     It insulates you from electricity.
   Regen+:    It increases your rate of health regeneration.
Jewellery
 h - a +4 ring of protection (left hand)
 o - an amulet of reflection
 v - a +6 ring of dexterity (right hand)
 A - a ring of positive energy
 B - a +4 ring of protection
 D - an amulet of guardian spirit (around neck)
Wands
 s - a wand of mindburst (14)
 N - a wand of paralysis (12)
 W - a wand of flame (16)
Scrolls
 a - a scroll of amnesia {unknown}
 f - 3 scrolls of enchant armour {unknown}
 j - 2 scrolls of revelation {unknown}
 m - 2 scrolls of acquirement {unknown}
 n - 5 scrolls of teleportation
 q - 2 scrolls of fog
 x - 2 scrolls of poison {unknown}
 V - 6 scrolls of fear
Potions
 d - 3 potions of curing
 r - 3 potions of lignification
 u - a potion of enlightenment
 w - a potion of berserk rage {unknown}
 E - a potion of resistance {unknown}
 K - a potion of degeneration {unknown}
 X - 4 potions of might
 Y - a potion of heal wounds {unknown}
 Z - 3 potions of ambrosia


   Skills:
 - Level 10.3 Fighting
 * Level 3.9 Axes
 - Level 3.0 Armour
 - Level 2.4 Dodging
 - Level 2.0 Shields
 - Level 10.0 Unarmed Combat
 - Level 15.0 Invocations


You had 10 spell levels left.
You didn't know any spells.
Your spell library contained the following spells:

 Spells                   Type           Power      Damage    Failure   Level
 Apportation              Tloc           0%         N/A       32%         1
 Necrotise                Necr           0%         1d4       32%         1
 Summon Small Mammal      Summ           0%         N/A       32%         1
 Cause Fear               Hex            0%         N/A       97%         4
 Fireball                 Conj/Fire      0%         3d3       100%        5
 Dragon's Call            Summ           0%         N/A       100%        9


Dungeon Overview and Level Annotations

Branches:
Dungeon (10/15)            Temple (1/1) D:7            Lair (1/5) D:10
    Orc (0/2) D:10

Altars:
Ashenzari
Cheibriados
Dithmenos
Elyvilon
Fedhas
Gozag
Hepliaklqana
Kikubaaqudgha
Makhleb
Nemelex Xobeh
Okawaru
Qazlal
Ru
Sif Muna
Trog
Uskayaw
Vehumet
Wu Jian
Xom
Yredelemnul
Zin
The Shining One

Shops:
D:8 (   D:10 [(


Message History

You kill the blink frog!
Beogh accepts your kill.
You slash the bullfrog!
The bullfrog hits you but does no damage.
The bullfrog hits you.
The blink frog hits you but does no damage.
The bullfrog closely misses you.
The blink frog hits you but does no damage.
A komodo dragon comes into view.
You closely miss the blink frog.
The komodo dragon hisses angrily.
You hit the blink frog. The blink frog barely misses you.
The blink frog hits you.
The blink frog blinks!
The blink frog hits you but does no damage.
The blink frog hits you! The blink frog hits you.
The bullfrog hits you but does no damage.
You slash the blink frog!
The blink frog is heavily wounded.
You closely miss the blink frog. You slice the bullfrog!!
You kill the bullfrog!
Beogh accepts your kill.
The blink frog hits you but does no damage.
The blink frog barely misses you.
The blink frog blinks! x4
You barely miss the komodo dragon.
The blink frog blinks!
The komodo dragon bites you!!
The blink frog blinks!
The komodo dragon bites you!
* * * LOW HITPOINT WARNING * * *
You barely miss the komodo dragon. The komodo dragon barely misses you.
The blink frog blinks!
The komodo dragon bites you!!
* * * LOW HITPOINT WARNING * * *
You feel better. The komodo dragon barely misses you.
The blink frog blinks!
The blink frog hits you!
* * * LOW HITPOINT WARNING * * *
You slice the komodo dragon!!
The komodo dragon is heavily wounded.
You slice the blink frog!!
The blink frog blinks!
The blink frog closely misses you.
The komodo dragon bites you but does no damage.
The blink frog blinks! x2; The komodo dragon bites you!!
You die...

..................#
...............§.... ..
............F.....#. ...
...................##...
...............§#.?8....
<......>........#....§#.
!..††............8.>.8..
.....††........§#l......
.....#.........†@#
#...##.........†###+
##..##........###...
#.###......###....F #.#
#......#...F# #.#
#.....#..# #. #.......F#
#......F...
#P............


You could see a komodo dragon and a blink frog.

Vanquished Creatures
  A deep elf pyromancer (D:9)
  Joseph (D:7)
  A cane toad (Lair:1)
  A komodo dragon (D:10)
  2 trolls (D:10)
  3 hornets
  6 blink frogs (Lair:1)
  Sigmund (D:3)
  A wyvern (D:8)
  3 yaks
  A steam dragon (D:7)
  An acid dragon (D:10)
  Edmund (D:4)
  Duvessa (D:4)
  A sky beast (D:7)
  A water moccasin (Lair:1)
  3 ice beasts
  4 centaurs
  2 kobold brigands
  Blork the orc (D:4)
  9 bullfrogs
  3 scorpions
  3 wights (D:8)
  Dowan (D:4)
  A vampire bat (D:5)
  A howler monkey (D:8)
  2 jellies
  2 hounds
  An orc priest (D:6)
  A gnoll bouda (D:7)
  2 sleepcaps (D:5)
  Terence (D:2)
  2 iguanas (D:5)
  8 orc wizards
  9 gnolls
  7 adders
  A white imp (D:8)
  4 ufetubi (D:6)
  5 dart slugs
  24 orcs
  2 ball pythons (D:1)
  4 bats
  3 bat skeletons (D:5)
  2 bat zombies (D:5)
  6 endoplasms
  2 giant cockroaches
  5 goblins
  3 hobgoblins
  3 jackals (D:2)
  7 kobolds
  A quokka (D:5)
  6 rats
167 creatures vanquished.

Vanquished Creatures (collateral kills)
  A two-headed ogre (D:10)
  A troll (D:10)
  A blink frog (Lair:1)
  A wraith (D:8)
  A yak (D:8)
  2 water moccasins (Lair:1)
  2 bullfrogs (D:10)
  A wight (D:9)
  An orc priest (D:9)
  2 orc wizards (D:9)
  2 orcs
  A kobold (D:10)
16 creatures vanquished.

Vanquished Creatures (others)
  An orc priest (Lair:1)
  A howler monkey (D:8)
  3 orcs
  A kobold (D:7)
6 creatures vanquished.

Grand Total: 189 creatures vanquished

Notes
Turn   | Place    | Note
-------+----------+-------------------------------------------
     0 | D:1      | avis the Hill Orc Monk began the quest for the Orb.
     0 | D:1      | Reached XP level 1. HP: 19/19 MP: 1/1
    82 | D:1      | HP: 1/20 [ball python (1)]
   227 | D:1      | Reached XP level 2. HP: 7/27 MP: 2/2
  1086 | D:2      | Reached XP level 3. HP: 35/35 MP: 3/3
  1166 | D:2      | Reached skill level 5 in Fighting
  1608 | D:2      | Found a basalt altar of Yredelemnul.
  1820 | D:3      | Noticed Terence
  1834 | D:2      | Killed Terence
  1835 | D:2      | Reached XP level 4. HP: 25/42 MP: 4/4
  2001 | D:3      | Noticed an earth elemental
  2020 | D:3      | Found a stormy altar of Qazlal.
  2023 | D:3      | Noticed an air elemental
  2039 | D:3      | Noticed a water elemental
  2039 | D:3      | Noticed a fire elemental
  2189 | D:3      | Noticed Sigmund
  2374 | D:3      | Killed Sigmund
  2375 | D:3      | Reached skill level 1 in Armour
  2375 | D:3      | Reached XP level 5. HP: 52/52 MP: 5/5
  2375 | D:3      | Reached XP level 6. HP: 60/60 MP: 6/6
  2751 | D:4      | Noticed Duvessa
  2751 | D:4      | Noticed Dowan
  2774 | D:3      | Reached skill level 1 in Shields
  2796 | D:4      | Killed Duvessa
  2797 | D:4      | Reached XP level 7. HP: 31/69 MP: 7/7
  2799 | D:4      | Killed Dowan
  2976 | D:4      | Noticed Edmund
  3000 | D:4      | Killed Edmund
  3232 | D:4      | Noticed Blork the orc
  3242 | D:4      | Killed Blork the orc
  3373 | D:4      | Reached skill level 5 in Unarmed Combat
  3816 | D:5      | Entered Level 5 of the Dungeon
  3819 | D:5      | Identified the +0 leather armour of Barnacled Surprise
                  | {rElec rC- Regen+ Int+5}
  3919 | D:4      | Became a worshipper of Beogh the Brigand
  3919 | D:4      | Reached * piety under Beogh
  3919 | D:4      | Reached ** piety under Beogh
  4062 | D:5      | Reached skill level 10 in Fighting
  4084 | D:5      | Reached XP level 8. HP: 69/79 MP: 8/8
  4240 | D:5      | Found an iron altar of Okawaru.
  4314 | D:5      | Found an ancient bone altar of Kikubaaqudgha.
  4551 | D:5      | Found a glowing golden altar of the Shining One.
  4669 | D:5      | Found a sacrificial altar of Ru.
  5048 | D:6      | Found a shimmering altar of Xom.
  5364 | D:6      | Reached skill level 2 in Invocations
  5644 | D:6      | Reached skill level 3 in Invocations
  5659 | D:6      | Found a broken altar of Ashenzari.
  6110 | D:6      | Found a hazy altar of Hepliaklqana.
  6348 | D:6      | Reached skill level 4 in Invocations
  6398 | D:6      | Reached skill level 5 in Invocations
  6398 | D:6      | Reached XP level 9. HP: 85/85 MP: 12/12
  6425 | D:7      | Noticed a hornet
  6454 | D:7      | Killed a hornet
  6455 | D:7      | Reached skill level 6 in Invocations
  6518 | D:7      | Found a hide-covered altar of Uskayaw.
  6518 | D:7      | Noticed Joseph
  6549 | D:7      | Killed Joseph
  6550 | D:7      | Reached skill level 7 in Invocations
  6686 | D:7      | Reached skill level 8 in Invocations
  6970 | D:7      | Found a staircase to the Ecumenical Temple.
  6977 | Temple   | Entered the Ecumenical Temple
  7684 | D:7      | Reached *** piety under Beogh
  7759 | D:8      | Reached skill level 9 in Invocations
  8054 | D:8      | Found a snail-covered altar of Cheibriados.
  8257 | D:8      | Reached skill level 10 in Invocations
  8257 | D:8      | Reached XP level 10. HP: 93/93 MP: 17/17
  8337 | D:8      | Paralysed by a hornet for 1 turns
  8350 | D:8      | Reached skill level 10 in Unarmed Combat
  8531 | D:8      | Found Cakelacs's Weapon Shoppe.
  9028 | D:9      | Noticed a deep elf pyromancer
  9034 | D:9      | Killed a deep elf pyromancer
  9035 | D:9      | Reached skill level 11 in Invocations
  9322 | D:9      | Found a burning altar of Makhleb.
  9326 | D:9      | Found a glowing silver altar of Zin.
  9326 | D:9      | Noticed an angel
  9326 | D:9      | Noticed a blizzard demon
  9404 | D:10     | Entered Level 10 of the Dungeon
  9488 | D:10     | Reached skill level 12 in Invocations
  9554 | D:10     | Noticed a two-headed ogre
  9554 | D:10     | Found Fiarph's Weapon Shoppe.
  9554 | D:10     | Found a staircase to the Orcish Mines.
  9554 | D:10     | Found Jafojir's Armour Shoppe.
  9557 | D:10     | Killed a two-headed ogre
  9558 | D:10     | Reached skill level 13 in Invocations
 10019 | D:10     | Found a staircase to the Lair.
 10233 | D:10     | Reached skill level 14 in Invocations
 10298 | D:10     | Reached XP level 11. HP: 99/99 MP: 21/21
 10608 | Lair:1   | Entered Level 1 of the Lair of Beasts
 10821 | Lair:1   | Identified the +10 battleaxe of Doom {heavy, rElec rCorr}
 10856 | Lair:1   | Reached skill level 1 in Axes
 10859 | Lair:1   | Reached skill level 15 in Invocations
 10868 | Lair:1   | Slain by a komodo dragon

Illustrated notes

Levels and vault maps discovered:
D:1:      reono_arrival_mine, layout_loops_ring
D:2:      layout_basic, basic_altar
D:3:      layout_rooms, nicolae_qazlal_style_of_elements,
          amcnicky_mini_corridor_feature, uniq_sigmund, uniq_terence
D:4:      layout_loops_cross, serial_bayou_pond_d, dreamdust_gnoll_farm,
          uniq_blork_the_orc, uniq_duvessa, uniq_edmund
D:5:      layout_basic, kennysheep_mini_moat, kennysheep_vampire_church,
          mainiacjoe_overflow_tiny_flanked, mainiacjoe_overflow_brackets,
          kennysheep_generic_room_10
D:6:      layout_layer_cave, worldfamousw_hep_ancestral_shrine, xom_butterflies,
          cheibrodos_ashenzari_chains
D:7:      layout_basic, mainiacjoe_overflow_catwalk, minmay_temple_entry_arrows,
          uniq_joseph
D:8:      nicolae_BIG_FREAKIN_CUBE, layout_loops_ring,
          mainiacjoe_overflow_surrounded_room, serial_shops, shop,
          feat_on_display
D:9:      layout_long_grid, grunt_temple_overflow_order_and_chaos_2,
          minmay_microvault
D:10:     layout_irregular_city, grunt_lair_entry_orc_guard_hut, orc_david_3
Temple:   eino_wide_crystal_templ
Lair:1:   layout_gridlike, beast_lair_carwin_7, grunt_megastairs_2

Skill      XL: |  1  2  3  4  5  6  7  8  9 10 11 |
---------------+----------------------------------+-----
Fighting       | 4 5 7 8 10 | 10.3
Unarmed Combat | 4 5 7 9 10 | 10.0
Armour         | 1 2 3 |  3.0
Shields        | 1 2 |  2.0
Invocations    | 5 10 14 15 | 15.0
Axes           | 3 |  3.9
Dodging        | |  2.4

Action                     |  1- 3 |  4- 6 |  7- 9 | 10-12 || total
---------------------------+-------+-------+-------+-------++-------
  Melee: Unarmed           |   146 |   106 |   449 |   140 ||   841
         Punch             |       |       |     4 |       ||     4
         Battleaxe         |       |       |       |    13 ||    13
   Fire: Orcbow            |       |       |    21 |       ||    21
         Sling             |       |       |    18 |     9 ||    27
  Throw: Javelin           |     3 |     2 |     6 |       ||    11
         Stone             |     5 |       |       |       ||     5
         Dart              |       |     2 |     9 |     3 ||    14
 Invoke: Convert to Beogh  |       |       |     1 |       ||     1
         Smiting           |       |       |       |     4 ||     4
  Evoke: Wand              |       |       |     4 |       ||     4
    Use: Scroll            |       |       |     9 |     3 ||    12
         Potion            |       |       |     1 |     2 ||     3
   Stab: Paralysed         |       |       |     3 |       ||     3
         Distracted        |       |       |       |     4 ||     4
         Sleeping          |       |       |       |     1 ||     1
 Armour: Robe              |    28 |       |       |       ||    28
         Ring mail         |    37 |       |       |       ||    37
         Chain mail        |    52 |     6 |       |       ||    58
         Scale mail        |       |    71 |    23 |       ||    94
         Leather armour    |       |       |   277 |   152 ||   429
  Dodge: Dodged            |    68 |    59 |   218 |   131 ||   476
  Block: Buckler           |    22 |    15 |    63 |    41 ||   141

Table legend: (Time is in decaauts)
 A = Elapsed time spent in this place.
 B = Non-inter-level travel time spent in this place.
 C = Inter-level travel time spent in this place.
 D = Time resting spent in this place.
 E = Time spent auto-exploring this place.
 F = Levels seen in this place.
 G = Mean time per level.
                   A        B        C        D        E       F      G
               +--------+--------+--------+--------+--------+-----+--------+
         Total |  10866 |   9738 |   1128 |   1370 |   5217 |  12 |  905.5 |
       Dungeon |  10569 |   9441 |   1128 |   1243 |   5212 |  10 | 1056.9 |
        Temple |     25 |     25 |      0 |      0 |      0 |   1 |   25.0 |
          Lair |    270 |    270 |      0 |    127 |      5 |   1 |  270.0 |
               +--------+--------+--------+--------+--------+-----+--------+

Top non-repeatable levels by time:
     D:6: 1496 daAuts
     D:4: 1335 daAuts
     D:1: 1154 daAuts
     D:7: 1147 daAuts
     D:5: 1070 daAuts
     D:8: 1060 daAuts
    D:10: 1018 daAuts
     D:2: 942 daAuts
     D:9: 712 daAuts
     D:3: 632 daAuts
  Lair:1: 270 daAuts
  Temple: 25 daAuts
